 Dungeon Crawl Stone Soup version 0.27.0-66-gdc8fb28755 (webtiles) character file.

Game seed: 8520592172671533208

9846 sanka the Cleaver (level 11, -6/138 HPs)
             Began as a Palentonga Abyssal Knight on Aug 20, 2021.
             Was an Elder of Lugonu.
             Mangled by a vampire mosquito (9 damage)
             ... on level 11 of the Dungeon.
             The game lasted 00:24:47 (18151 turns).

sanka the Cleaver (Palentonga Abyssal Knight)      Turns: 18151, Time: 00:24:47

Health: -6/138     AC: 31    Str: 18    XL:     11   Next: 28%
Magic:  0/17       EV:  1    Int: 12    God:    Lugonu [****..]
Gold:   332        SH:  0    Dex: 11    Spells: 10/10 levels left

rFire    + . .     SeeInvis +   b - +0 battleaxe (drain)
rCold    . . .     Faith    .   (shield currently unavailable)
rNeg     . . .     Spirit   +   J - +0 plate armour
rPois    .         Reflect  .   (no helmet)
rElec    .         Harm     .   q - +1 cloak
rCorr    +         Rampage  .   D - +2 pair of gloves
Will     .....                  H - +4 barding {Fly}
Stlth    ..........             e - amulet of guardian spirit
HPRegen  0.33/turn              C - ring of protection from fire
MPRegen  0.15/turn              u - ring of resist corrosion

@: berserking, flying, curled up, very quick
A: large, rugged brown scales 3, see invisible, deformed body, roll 1, armoured
tail, reflexive curl
a: Rolling Charge, Renounce Religion, Depart the Abyss, Bend Space, Banish,
Corrupt


You were on level 11 of the Dungeon.
You worshipped Lugonu.
Lugonu was greatly pleased with you.
You visited 1 branch of the dungeon, and saw 11 of its levels.
You visited the Abyss 1 time.

You collected 764 gold pieces.
You spent 432 gold pieces at shops.


Innate Abilities, Weirdness & Mutations

You are completely covered in rugged brown scales. (AC +3, +7% HP)
You have supernaturally acute eyesight. (SInv)
Armour fits poorly on your strangely shaped body.
You can roll at nearby foes to attack.
You have a long armoured tail.
You curl defensively after being hit.


   Skills:
 - Level 8.0 Fighting
 + Level 13.3 Axes
 + Level 4.6 Armour
 - Level 0.7 Dodging
 - Level 8.0 Invocations


You had 10 spell levels left.
You didn't know any spells.
Your spell library contained the following spells:

 Spells                   Type           Power      Damage    Failure   Level
 Blink                    Tloc           N/A        N/A       100%        2
 Passwall                 Tmut/Erth      0%         N/A       100%        2
 Call Canine Familiar     Summ           0%         N/A       100%        3
 Lesser Beckoning         Tloc           0%         N/A       100%        3
 Portal Projectile        Hex/Tloc       0%         N/A       100%        3
 Swiftness                Air            0%         N/A       100%        3
 Leda's Liquefaction      Hex/Erth       0%         N/A       100%        4
 Manifold Assault         Tloc           0%         N/A       100%        5
 Invisibility             Hex            0%         N/A       100%        6

Inventory:

Hand Weapons
 a - a +4 dagger of venom
 b - a +0 battleaxe of draining (weapon)
 h - a +0 war axe
 s - a +2 quarterstaff of chaos
 w - the +3 arbalest "Impbane" {flame, rElec Str-2 Int-2 Dex+3} Any ammunition fired from it burns those it strikes, dealing additional fire damage. Str: It affects your strength (-2). Int: It affects your intelligence (-2). Dex: It affects your dexterity (+3). rElec: It insulates you from electricity.
Missiles
 f - a throwing net {=f}
 i - 78 poisoned darts
 k - a curare-tipped dart {=f}
Armour
 q - a +1 cloak (worn)
 D - a +2 pair of gloves (worn)
 H - a +4 barding of flying (worn)
 J - a +0 plate armour (worn)
Magical Staves
 r - a staff of fire
Jewellery
 e - an amulet of guardian spirit (around neck)
 o - a ring of positive energy
 u - a ring of resist corrosion (right hand)
 z - a ring of ice
 C - a ring of protection from fire (left hand)
Wands
 d - a wand of flame (40)
 B - a wand of paralysis (9)
 F - a wand of iceblast (5)
Scrolls
 g - 7 scrolls of teleportation {@r4}
 l - a scroll of magic mapping
 p - 2 scrolls of amnesia
 t - 3 scrolls of enchant weapon
 x - 2 scrolls of vulnerability {!r}
 y - a scroll of blinking {unknown}
 A - a scroll of fog
 G - 2 scrolls of fear
Potions
 c - 3 potions of attraction {!q}
 j - 2 potions of haste {@q3}
 m - 3 potions of brilliance {unknown}
 n - a potion of magic {unknown}
 E - a potion of flight {unknown}
 I - a potion of ambrosia {unknown}

Dungeon Overview and Level Annotations

Branches:
Dungeon (11/15)            Temple (0/1) D:5            Lair (0/6) D:9
    Orc (0/2) D:10

Altars:
Ashenzari
Elyvilon
Gozag
Hepliaklqana
Ru
Uskayaw

Shops:
D:3 !   D:11 (

Annotations:
D:6 2 transporters, inmateoo's ghost, novice MiWr
D:11 1 runed translucent door, amoeba's ghost, journeyman MiFi
Abyss:1 Nergalle

+...♣!.
▒▒....▒▒......▒
▒▒..!..
▒....).......▒▒
.▒▒...▒
▒▒............▒
..▒▒⌠▒▒
▒▒▒▒.........▒.....▒
...▒▒▒.
.▒...........▒▒......
.......
............▒▒ ▒.....
.....▒▒
▒.....#....▒▒▒ .....
.....▒ ▒.....#......▒
...▒▒ ....▒▒
▒....#†H..[..▒ .▒▒
....▒ ▒.....y..††.▒▒
.▒...
▒▒..............
.▒▒..
................. .▒
.( ..▒..............
.. ▒ ▒...........▒..
... ▒......▒▒...▒ .
▒.▒▒ .....▒▒. ....


You could see a vampire mosquito.


Message History

You miss the vampire mosquito.
The vampire mosquito is heavily damaged.
The vampire mosquito bites you.
* * * LOW HITPOINT WARNING * * *
The vampire mosquito draws strength from your injuries!
Unknown command.
You barely miss the vampire mosquito.
The vampire mosquito is heavily damaged.
The vampire mosquito bites you!
* * * LOW HITPOINT WARNING * * *
The vampire mosquito draws strength from your injuries!
Unknown command.
Your plate armour prevents you from hitting the vampire mosquito.
The vampire mosquito is heavily damaged.
The vampire mosquito bites you but does no damage.
The vampire mosquito bites you but does no damage.
Unknown command.
You closely miss the vampire mosquito.
The vampire mosquito is heavily damaged.
The vampire mosquito bites you but does no damage.
Unknown command.
You miss the vampire mosquito.
Your tail-slap misses the vampire mosquito.
The vampire mosquito is heavily damaged.
The vampire mosquito bites you but does no damage.
Unknown command.
You miss the vampire mosquito.
The vampire mosquito is heavily damaged.
The vampire mosquito bites you!
You die...

Action                   |  1- 3 |  4- 6 |  7- 9 | 10-12 || total
-------------------------+-------+-------+-------+-------++-------
Melee: Hand axe          |    67 |       |       |       ||    67
       Tailslap          |     9 |    28 |    54 |    30 ||   121
       Dagger            |    58 |   206 |    95 |     6 ||   365
       War axe           |       |     8 |   277 |   166 ||   451
       Battleaxe         |       |       |       |    97 ||    97
Throw: Throwing net      |       |       |     1 |     1 ||     2
       Dart              |       |       |     1 |       ||     1
Invok: Banish            |       |       |       |     5 ||     5
 Abil: Rolling Charge    |       |     4 |    19 |     4 ||    27
Evoke: Wand              |       |       |       |     7 ||     7
  Use: Potion            |       |       |     6 |     6 ||    12
       Scroll            |       |       |     9 |     9 ||    18
 Stab: Held in net/web   |       |       |     1 |       ||     1
       Sleeping          |       |       |     1 |       ||     1
Armor: Leather armour    |    54 |    66 |    85 |       ||   205
       Steam dragon scal |       |       |    97 |   105 ||   202
       Plate armour      |       |       |       |   244 ||   244
Dodge: Dodged            |    61 |   107 |   193 |    87 ||   448

Levels and vault maps discovered:
D:1:      minmay_arrival_loop, layout_loops_cross,
          hellmonk_ecumenical_altar_pennies_from_heaven, roderic_lattice_a,
          ebering_dispersal_statue_hall
D:2:      layout_loops_ring
D:3:      minmay_razor_zed, layout_basic, portal_sewer_entry_e, serial_shops,
          nicolae_square_shop, hex_medium, kennysheep_generic_room_4,
          uniq_natasha, uniq_crazy_yiuf_cottage
D:4:      layout_loops_ring, mainiacjoe_overflow_concentric_impassable
D:5:      layout_loops_corners, nicolae_gozag_cash_rules_everything_around_me,
          minmay_temple_entry_overgrown, hangedman_decor_opposing, uniq_pikel
D:6:      layout_cave_pools, nicolae_ru_the_path_less_chosen, elyvilon_altar_5,
          nicolae_hepliaklqana_hippocampus, gammafunk_ghost_gnarly_gnolls,
          nicolae_lava_and_water
D:7:      layout_loops_ring
D:8:      layout_basic, roderic_cross_of_infinity, st_stairs_1
D:9:      layout_rooms, eat_drink_and_be_merry_uskayaw, lair_entry_dummy,
          chequers_serial_rivers_room_a
D:10:     layout_long_grid, hiddenorc1_lemuel, nicolae_zen_rock_garden,
          kennysheep_windowed_goal, uniq_nergalle
D:11:     layout_cave_pools, hellmonk_ghost_happy_afterlife, serial_shops,
          nicolae_shop_stone, st_stairs_10, kennysheep_generic_room_6

Notes
Turn   | Place    | Note
-------+----------+-------------------------------------------
     0 | Abyss:1  | sanka the Palentonga Abyssal Knight began the quest for the
                  | Orb.
     0 | Abyss:1  | Reached XP level 1. HP: 19/19 MP: 2/2
    27 | D:1      | Escaped the Abyss
   348 | D:1      | Reached XP level 2. HP: 25/25 MP: 3/3
   381 | D:1      | Reached skill level 3 in Axes
   814 | D:1      | Found a faded altar of an unknown god.
  1121 | D:1      | Reached XP level 3. HP: 19/31 MP: 4/4
  1389 | D:1      | Reached ** piety under Lugonu
  2361 | D:2      | Reached skill level 4 in Fighting
  2361 | D:2      | Reached XP level 4. HP: 36/39 MP: 5/5
  2742 | D:3      | Noticed Natasha
  2751 | D:3      | Killed Natasha
  3106 | D:3      | Found Ihoreaffe's Distillery.
  3118 | D:3      | Bought a potion of heal wounds for 60 gold pieces
  3146 | D:3      | Noticed Natasha
  3164 | D:3      | Killed Natasha
  3165 | D:3      | Reached skill level 4 in Axes
  3165 | D:3      | Reached XP level 5. HP: 42/46 MP: 4/6
  3266 | D:3      | Found a runed translucent door.
  3267 | D:3      | Noticed Crazy Yiuf
  3888 | D:3      | Noticed a black bear
  3928 | D:3      | Killed a black bear
  3929 | D:3      | Reached skill level 5 in Fighting
  3929 | D:3      | Reached XP level 6. HP: 26/54 MP: 4/7
  4322 | D:3      | Reached *** piety under Lugonu
  4516 | D:3      | Noticed Natasha
  4520 | D:3      | Killed Natasha
  4521 | D:3      | Reached skill level 5 in Axes
  4751 | D:3      | Killed Crazy Yiuf
  5189 | D:4      | Found a broken altar of Ashenzari.
  5403 | D:4      | Reached skill level 6 in Fighting
  5403 | D:4      | Gained mutation: You curl defensively after being hit.
                  | [Palentonga growth]
  5403 | D:4      | Reached XP level 7. HP: 34/62 MP: 5/8
  5733 | D:3      | Bought a potion of curing for 36 gold pieces
  6169 | D:5      | Entered Level 5 of the Dungeon
  6180 | D:5      | Found a staircase to the Ecumenical Temple.
  6237 | D:5      | Reached skill level 6 in Axes
  6836 | D:3      | Bought a potion of berserk rage for 60 gold pieces
  6836 | D:3      | Bought a potion of heal wounds for 60 gold pieces
  6905 | D:5      | Reached skill level 3 in Invocations
  7000 | D:5      | Reached skill level 4 in Invocations
  7245 | D:5      | Noticed Pikel
  7274 | D:5      | Killed Pikel
  7275 | D:5      | Reached skill level 6 in Invocations
  7275 | D:5      | Reached XP level 8. HP: 17/69 MP: 2/13
  7283 | D:5      | Reached skill level 7 in Invocations
  7879 | D:5      | Reached skill level 8 in Invocations
  8411 | D:5      | Found an opulent altar of Gozag.
  8620 | D:5      | Identified the +3 arbalest "Impbane" {flame, rElec Str-2
                  | Int-2 Dex+3}
  8660 | D:6      | Reached skill level 7 in Fighting
  8661 | D:6      | Reached **** piety under Lugonu
  9089 | D:5      | Reached skill level 7 in Axes
  9089 | D:5      | Reached XP level 9. HP: 32/77 MP: 7/15
  9330 | D:6      | Identified +0 steam dragon scales
 10065 | D:6      | Found a white marble altar of Elyvilon.
 10493 | D:6      | Reached skill level 8 in Fighting
 10720 | D:6      | Found a hazy altar of Hepliaklqana.
 10773 | D:6      | Found a sacrificial altar of Ru.
 11013 | D:6      | Found a transporter.
 11018 | D:6      | Found a transporter.
 11037 | D:6      | Noticed inmateoo's ghost (novice MiWr)
 11148 | D:3      | Bought a potion of haste for 120 gold pieces
 11148 | D:3      | Bought a potion of berserk rage for 60 gold pieces
 11148 | D:3      | Bought a potion of curing for 36 gold pieces
 11320 | D:7      | Reached skill level 8 in Axes
 11907 | D:7      | Reached skill level 9 in Axes
 12977 | D:8      | Noticed a two-headed ogre
 13006 | D:8      | Killed a two-headed ogre
 13007 | D:8      | Reached skill level 10 in Axes
 13007 | D:8      | Reached XP level 10. HP: 82/85 MP: 13/16
 13027 | D:7      | Identified +0 steam dragon scales
 13729 | D:9      | Reached skill level 11 in Axes
 13919 | D:9      | Found a staircase to the Lair.
 14137 | D:8      | HP: 8/85 [poisoned by an orc warrior]
 14142 | D:8      | HP: 4/85 [orc warrior (11)]
 14143 | D:8      | HP: 1/85 [poisoned by an orc warrior]
 14487 | D:8      | HP: 4/85 [poisoned by an orc warrior]
 14898 | D:9      | Found a hide-covered altar of Uskayaw.
 15067 | D:10     | Entered Level 10 of the Dungeon
 15197 | D:10     | Noticed Nergalle
 15217 | D:10     | Banished Nergalle
 15218 | D:10     | Reached skill level 12 in Axes
 15559 | D:10     | Identified +0 steam dragon scales
 16031 | D:10     | Identified a scroll of acquirement
 16032 | D:10     | Acquired a +1 barding of flying
 16412 | D:10     | Reached skill level 2 in Armour
 16427 | D:10     | Noticed a cyan ugly thing
 16428 | D:10     | Banished a cyan ugly thing
 16893 | D:10     | Found a staircase to the Orcish Mines.
 17322 | D:11     | Reached skill level 3 in Armour
 17353 | D:11     | Reached XP level 11. HP: 34/92 MP: 7/17
 17621 | D:11     | Reached skill level 13 in Axes
 17828 | D:11     | Noticed amoeba's ghost (journeyman MiFi)
 17829 | D:11     | Found a runed translucent door.
 17844 | D:11     | Noticed a six-headed hydra
 17875 | D:11     | Killed a six-headed hydra
 17876 | D:11     | Reached skill level 4 in Armour
 18012 | D:11     | Found Vasiam's Weapon Emporium.
 18145 | D:11     | HP: 11/138 [vampire mosquito (5)]
 18147 | D:11     | HP: 2/138 [vampire mosquito (7)]
 18151 | D:11     | Mangled by a vampire mosquito

Vanquished Creatures
  A hydra (D:11)
  A two-headed ogre (D:8)
  Pikel (D:5)
  A kobold demonologist (D:10)
  An unseen horror (D:10)
  2 trolls (D:11)
  A meliai zombie (D:11)
  A shadow (D:9)
  A wraith (D:11)
  3 steam dragons
  5 vampire mosquitoes (D:11)
  2 acid dragons
  3 water moccasins
  3 black bears
  4 orc warriors
  2 ogres
  2 ice beasts (D:5)
  3 centaurs
  2 gnoll sergeants (D:6)
  6 bullfrogs
  2 kobold brigands
  A scorpion (D:5)
  A water moccasin skeleton (D:5)
  An electric eel (D:6)
  3 howler monkeys
  4 centaur zombies
  8 orc priests
  A jelly (D:6)
  Crazy Yiuf (D:3)
  2 bullfrog skeletons (D:5)
  3 iguanas
  Natasha (thrice) (D:3)
  9 orc wizards
  A killer bee zombie (D:7)
  2 hound skeletons (D:4)
  A howler monkey zombie (D:10)
  15 gnolls
  2 river rats (D:3)
  8 adders
  2 adder skeletons (D:4)
  A worm (D:3)
  3 dart slugs
  29 orcs
  8 endoplasms
  4 giant cockroaches
  8 hobgoblins
  20 jackals
  20 kobolds
  4 quokkas
  6 ball pythons
  2 bats (D:3)
  A frilled lizard (D:3)
  8 goblins
  13 rats
242 creatures vanquished.

Vanquished Creatures (others)
  An orc wizard (D:6)
  A fungus (D:6)
  9 plants (D:6)
11 creatures vanquished.

Grand Total: 253 creatures vanquished
